CorruptionsAndSegfaults, neutral female scurrid Tourist }}}}}}}}}}}}}}}}}}}}}}}}}}}}}}}}}}}}}}}}}}}}}}}}}}}}}}}}}}}}}}}}}}}}}}}}}}} }}}}}}}}}}}}}}}}}}}}}}}}}}}}}}}}}}}}}}}}}}}}}}}}}}}}}}}}}}}}}}}}}}}}}}}}}}} }}}}}}}}}.}}}}}}...`.}}}}}}}}}}}}}}}}}}}}}}}}}}}}}}}}}}}}}}}}}}}}}}}}}}}}}} }}}}}}}....}}}}}....}}}}}}}}}}}}}}}}}}}}}}}}}}}}}}}}}}}}}}}}............}}} }...}}}}}}}}}}}`...}}}..}}}}}}}}}}}}}}^}}}}}}}}}}}}}}}}}}}}}}}}...}}}}}..}} }.^.}}}}}}}}}}....}}}}..}}}}}}}}}}}.......}}}}}}}}}}}}}}}}}}}}}}}%.%}}}..}} }...`}}}}}}}}}}}}}}}}}`}}}}}}}----------------- }...}}}}}}}}}}}}}}}}}}}}}}}}}.| }....}}}}}...}}}}}}}}}}}}}}...- ----+---- }.....}}}}}.}}}}}}}}}}}}}}}.......|.......| }..`.}}}}}}}}}}}}}}}}}}}}}}.......|I`I`.`)| }.=..}}}}}}}}}}}}}}}}}}}}}}...--------+---- }.....}}}}}}}}}}}}}}}}}}}}}}}+| }......}}}}}}}}}}}}}}}}}}}}}}}- }....<..}}}}}}}[..}}}}}}}}}}}}}} }.....}}}}}}}}}}.....}}}}}}}}}}}}}}} }}..}}}}}}}}}}}}}....}}}}}}}}}}}}}}}}}}} }}}}}}}}}}}}}}}}}....}}}}}}}}}}}}}}}}}}}}}}} }}}}}}}}}}}}}}}}}}}}}}}}}}}}}}}}}}}}}}}}}}}}}}}} }}}}}}}}}}}}}}}}}}}}}}}}}}}}}}}}}}}}}}}}}}}}}}}}}}}} CorruptionsAndSegfaults the Rambler Experience level: 2 Strength: 13 Dexterity: 9 Constitution: 14 Intelligence: 16 Wisdom: 8 Charisma: 17 Health: 0(21) Energy: 8(8) Def: 0 Gold: 1221 Moves: 216 Dungeon seed: _AaQpVxMpHGD3uf7 Game ID: CorruptionsAndSegfaults_1498499877 Your Inventory: Coins $ - 1221 gold pieces Armor e - an uncursed +0 Hawaiian shirt (being worn) Comestibles b - an uncursed cream pie c - 5 uncursed food rations d - 2 uncursed fortune cookies f - an uncursed pancake g - an uncursed tripe ration h - an uncursed tin of newt meat Scrolls k - 3 uncursed scrolls of magic mapping t - an uncursed scroll of identify w - a blessed scroll of taming Wands n - an uncursed wand of secret door detection (0:12) Tools l - an uncursed expensive camera (0:79) m - an uncursed credit card o - an uncursed leash Spells and supernatural/magical abilities: Name Level Category Fail Memory W - pray for help -- divine ? -- Your skills at the end: Miscellaneous Skills wands [Basic] stealth [Basic] Weapon Skills dart [Basic] Spellcasting Skills Final Attributes: You were devoutly aligned. You were blinded. You had infravision. You were very stealthy. You are dead. Vanquished creatures: a giant bat 11 manes a gnome zombie a newt 14 creatures vanquished. Voluntary challenges: You went without food. You did not adorn yourself with jewelry or accessories. You did not cause conflict. You were not invisible. You did not have reflection. You were not displaced. You were an atheist. You never hit with a wielded weapon. You did not use containers. You did not apply a unicorn horn. You did not use plumbed fixtures. You read items or engraved 2 times, starting on turn 91. You never genocided any monsters. You never polymorphed an object. You never changed form. You used no wishes. You never split a pudding. You never wrote Elbereth's name. You never violated your personal moral code. Dungeon overview: The Dungeons of Doom: levels 1 to 24 Level 1 a long staircase Level 2 Level 3 Level 4 Level 5 Level 6 a fountain a long staircase Level 7 Level 8 Level 9 Level 10 a general store Level 11 Level 12 Level 13 Level 14 Level 15 Level 16 Level 17 Level 18 Level 19 Level 20 Level 21 Level 22 Level 23 <- You were here Level 24 History has recorded: On T:1 you entered the Dungeons of Doom to retrieve the Amulet of Yendor! On T:4 you reached level 2 of The Dungeons of Doom. On T:6 you reached level 3 of The Dungeons of Doom. On T:11 you reached level 4 of The Dungeons of Doom. On T:13 you reached level 5 of The Dungeons of Doom. On T:65 you reached level 6 of The Dungeons of Doom. On T:72 you reached level 7 of The Dungeons of Doom. On T:77 you reached level 8 of The Dungeons of Doom. On T:79 you reached level 9 of The Dungeons of Doom. On T:82 you reached level 10 of The Dungeons of Doom. On T:85 you reached level 11 of The Dungeons of Doom. On T:87 you reached level 12 of The Dungeons of Doom. On T:93 you reached level 13 of The Dungeons of Doom. On T:96 you reached level 14 of The Dungeons of Doom. On T:98 you reached level 15 of The Dungeons of Doom. On T:98 you entered the Rogue tribute level. On T:100 you reached level 16 of The Dungeons of Doom. On T:106 you reached level 17 of The Dungeons of Doom. On T:109 you reached level 18 of The Dungeons of Doom. On T:114 you advanced to experience level 2. On T:138 you reached level 20 of The Dungeons of Doom. On T:140 you reached level 21 of The Dungeons of Doom. On T:143 you reached level 22 of The Dungeons of Doom. On T:146 you reached level 23 of The Dungeons of Doom. On T:149 you reached level 24 of The Dungeons of Doom. Score breakdown: Gold: 428 ( 42 points) Experience: 2 levels ( 100 points) Exploration: 24 levels ( 690 points) Discoveries: 4 items ( 200 points) Variety of kills: 4 monsters ( 200 points) Major goal: (nothing yet) ( 0 points) Survival: died (score multiplied by 3) Total score: 3696 Latest messages: You can see again. You are blinded by the flash! You have no ammunition readied! Never mind. Never mind. Please move the cursor to an unknown object. Done. You try to feel what is lying here on the floor. There are a few objects here. You miss it. Something punches you! (2x) Something bites! You claw something. Something punches you! You die... Final status: Aloha CorruptionsAndSegfaults the Tourist, killed by Medusa... You died in The Dungeons of Doom on dungeon level 23 with 3696 points, and 1221 pieces of gold, after 216 moves. You were level 2 with a maximum of 21 hit points when you died.